 Dungeon Sprint DCSS version 0.21-a0-251-g5e8393f (webtiles) character file.

53581 Kidiri the Sorcerer (level 13, -5/83 HPs)
             Began as a Deep Elf Fire Elementalist on Sept 5, 2017.
             Was the Champion of Vehumet.
             Slain by a dire flail of crushing (7 damage)
             ... in the Dungeon (Sprint III: "The Ten Rune Challenge").
             The game lasted 00:44:13 (7952 turns).

Kidiri the Sorcerer (Deep Elf Fire Elementalist)    Turns: 7952, Time: 00:44:14

Health: -5/83      AC: 15    Str:  8    XL:     13   Next: 75%
Magic:  4/40       EV: 20    Int: 29    God:    Vehumet [******]
Gold:   183        SH:  4    Dex: 15    Spells: 3/55 levels left

rFire    . . .     SeeInvis .   U - +2 dagger (drain)
rCold    + . .     Gourm    .   (no shield)
rNeg     . . .     Faith    .   H - +2 robe {Archmagi}
rPois    .         Spirit   .   i - +2 hat
rElec    .         Reflect  +   n - +0 cloak
rCorr    .         Harm     .   (no gloves)
MR       +++..     NoTele   +   t - +2 pair of boots "Heliseli" {+Blink Str+3}
Stlth    ++........             j - +4 amulet of reflection
HPRegen  0.23/turn              d - ring of the Mage {Wiz MR++ Int+3}
MPRegen  0.27/turn              Q - ring of ice

@: studying Necromancy
A: molten scales 1, thin metallic scales 1, fire resistance 1
}: 1/10 runes: barnacled
a: Renounce Religion, Evoke Blink


You were in the Dungeon.
You worshipped Vehumet.
Vehumet was exalted by your worship.
You were not hungry.

You visited 1 branch You collected 1510 gold pieces.
You spent 1327 gold pieces at shops.

Inventory:

Hand Weapons
 U - a +2 dagger of draining (weapon)
Armour
 i - a +2 hat (worn)
 n - a +0 cloak (worn)
 t - the +2 pair of boots "Heliseli" (worn) {+Blink Str+3}
   (You found it in the Dungeon)

   It affects your strength (+3).
   It lets you blink.
 H - a +2 robe of the Archmagi (worn)
Jewellery
 d - the ring of the Mage (left hand) {Wiz MR++ Int+3}
   (You bought it in a shop in the Dungeon)

   [ring of wizardry]

   It improves your spell success rate.
   It affects your intelligence (+3).
   It affects your resistance to hostile enchantments.
 j - a +4 amulet of reflection (around neck)
 Q - a ring of ice (right hand)
Wands
 k - a wand of acid (2/15)
 u - a wand of acid (7/15)
 E - a wand of random effects (31/48)
 L - a wand of clouds (4/9)
Scrolls
 o - a scroll of torment
 p - 4 scrolls of remove curse
 s - a scroll of immolation
 y - a scroll of enchant armour {unknown}
 G - 3 scrolls of silence {unknown}
 Y - 2 scrolls of amnesia
Potions
 b - a potion of might
 e - a potion of heal wounds
 g - 3 potions of magic
 h - 2 potions of berserk rage
 l - a potion of mutation
 m - a potion of brilliance {unknown}
 r - 4 potions of flight
 v - a potion of resistance
 w - a potion of cancellation
 x - a potion of haste
 z - 2 potions of lignification
 A - a potion of agility
 B - 2 potions of curing
 C - a potion of degeneration {unknown}
Books
 F - a manual of Necromancy
 N - a book of Fire

   Spells                             Type                      Level
   a - Ignite Poison                  Fire/Transmutation/Poison    3
   b - Fireball                       Conjuration/Fire             5
   c - Bolt of Fire                   Conjuration/Fire             6
   d - Ring of Flames                 Charms/Fire                  7
   e - Ignition                       Fire                         8
Comestibles
 a - 23 royal jellies
 c - 2 bread rations
 q - a meat ration
 D - a fruit


   Skills:
 + Level 10.5 Fighting
 - Level 9.6 Short Blades
 + Level 10.5 Armour
 - Level 11.6 Dodging
 - Level 2.4 Stealth
 * Level 21.6 Spellcasting
 + Level 13.8 Conjurations
 + Level 14.3 Fire Magic
 + Level 8.8 Ice Magic
 + Level 10.6 Air Magic
 + Level 11.7 Poison Magic
 + Level 8.8 Evocations


You had 3 spell levels left.
You knew the following spells:

 Your Spells              Type           Power        Failure   Level  Hunger
a - Flame Tongue          Conj/Fire      #####        0%          1    None
b - Throw Flame           Conj/Fire      ######       0%          2    None
c - Conjure Flame         Conj/Fire      ########     0%          3    None
d - Inner Flame           Hex/Fire       #######.     1%          3    None
e - Sticky Flame          Conj/Fire      ########     1%          4    None
f - Fireball              Conj/Fire      ########..   1%          5    None
g - Ignition              Fire           ########..   2%          8    #####..
h - Freezing Cloud        Conj/Ice/Air   ########..   1%          6    None
i - Bolt of Cold          Conj/Ice       ########..   1%          6    None
j - Lightning Bolt        Conj/Air       ########..   1%          5    None
k - Mephitic Cloud        Conj/Pois/Air  ########     0%          3    None
l - Poison Arrow          Conj/Pois      ########..   1%          6    None


Dungeon Overview and Level Annotations

Branches:
Dungeon (1/1)

Altars:
Cheibriados
Dithmenos
Elyvilon
Fedhas
Gozag
Hepliaklqana
Kikubaaqudgha
Makhleb
Nemelex Xobeh
Okawaru
Qazlal
Ru
Sif Muna
Trog
Uskayaw
Vehumet
Wu Jian
Xom
Yredelemnul
Zin
The Shining One
Beogh
Jiyva
Lugonu

Shops:
D [}%[![=:}?(%=[=%!}[

Annotations:
D exclusions: 4 doors and 2 more exclusions


Innate Abilities, Weirdness & Mutations

You are partially covered in molten scales. (AC +2)
You are partially covered in thin metallic scales. (AC +2)
Your flesh is heat resistant. (rF+)


Message History

The bolt of acid misses the dire flail of crushing.
This wand has 2 charges left.
The dire flail of crushing hits you but does no damage.
Unknown command.
That item cannot be evoked!
The dire flail of crushing hits you!
Unknown command.
Unknown command.
Casting: Ignition
Confirm with . or Enter, or press ? or * to list all spells.
Aiming: Bolt of Cold
Press: ? - help, Shift-Dir - straight line, f/p - dire flail of crushing
Aim: a dire flail of crushing (severely damaged)
You feel a strong surge of power!
The bolt of cold hits the dire flail of crushing.
The dire flail of crushing resists.
The dire flail of crushing is almost destroyed.
The dire flail of crushing hits you!!
* * * LOW HITPOINT WARNING * * *
You die...

≈≈§# §§ ############
§ #:..#)..#|.#
#...#...#..#
##+###+##..#
###.......+..+
##.#.#####.####
#######..'.#)..+(#..#
......'..#######@+..#
..########. #(####
###.∩⌠⌠∩.#.. #.#..#
#.#.∩⌠⌠∩.#.#. #)+..#
§.#.∩∩∩∩.#.... #.#..#
§.#.∩∩∩∩.#..(..#.#..#
§§#......# #.'.#..#
§§###++### #..#.#..#
§§#.⌠..⌠.#)....######


You could see a dire flail of crushing.

Vanquished Creatures
  Rupert (D)
  A deep elf master archer (D)
  A kraken (D)
  Gastronok (D)
  Harold (D)
  2 deep elf demonologists (D)
  2 dire elephants (D)
  A deep elf death mage (D)
  2 fire dragons (D)
  A deep elf high priest (D)
  Erica (D)
  2 centaur warriors (D)
  2 alligator snapping turtles (D)
  Urug (D)
  A dancing weapon (D)
  4 death yaks (D)
  2 orc high priests (D)
  A deep elf knight (D)
  An unseen horror (D)
  A death drake (D)
  A spriggan druid (D)
  An orange crystal statue (D)
  Joseph (D)
  A lindwurm (D)
  An orc sorcerer (D)
  7 deep elf magi (D)
  2 elephants (D)
  2 black mambas (D)
  2 spiny frogs (D)
  A komodo dragon (D)
  A rime drake (D)
  3 wandering mushrooms (D)
  4 spriggan defenders (D)
  8 blink frogs (D)
  2 tyrant leeches (D)
  4 snapping turtles (D)
  A slime creature (D)
  2 spriggans (D)
  A shadow (D)
  3 redbacks (D)
  A spatial vortex (D)
  2 hell hounds (D)
  A swamp drake (D)
  6 orc warriors (D)
  2 black mamba simulacra (D)
  2 centaurs (D)
  A necrophage (D)
  A water elemental (D)
  23 killer bees (D)
  An electric eel (D)
  A jelly (D)
  4 orc wizards (D)
  Crazy Yiuf (D)
  5 orc priests (D)
  A wizard (D)
  Jessica (D)
  A necromancer (D)
  A polar bear simulacrum (D)
  A wolf simulacrum (D)
  3 humans (D)
  A kobold demonologist (D)
  2 oozes (D)
  4 orcs (D)
  A rat (D)
  15 plants (D)
  3 tentacles (D)
162 creatures vanquished.

Vanquished Creatures (collateral kills)
  A queen bee (D)
  8 killer bees (D)
9 creatures vanquished.

Vanquished Creatures (others)
  2 draconian scorchers (D)
  2 hydras (D)
  6 hellions (D)
  3 yaktaurs (D)
  A killer bee (D)
  4 fungi (D)
  12 plants (D)
  9 tentacles (D)
39 creatures vanquished.

Grand Total: 210 creatures vanquished

Notes
Turn   | Place    | Note
-------+----------+-------------------------------------------
     0 | D        | Kidiri the Deep Elf Fire Elementalist began the quest for the Orb.
     0 | D        | Reached XP level 1. HP: 10/10 MP: 6/6
     3 | D        | Reached skill level 4 in Spellcasting
    67 | D        | Reached XP level 2. HP: 13/15 MP: 3/9
    71 | D        | Learned a level 2 spell: Throw Flame
    97 | D        | Killed a hellion
   114 | D        | Killed a hellion
   116 | D        | Killed a hellion
   116 | D        | Killed a hellion
   117 | D        | Killed a hellion
   117 | D        | Killed a hellion
   124 | D        | Noticed Jessica
   126 | D        | Killed Jessica
   126 | D        | Reached skill level 6 in Spellcasting
   126 | D        | Reached XP level 3. HP: 19/19 MP: 8/13
   131 | D        | Learned a level 3 spell: Conjure Flame
   135 | D        | Learned a level 3 spell: Inner Flame
   164 | D        | Killed a white draconian scorcher
   173 | D        | Killed a white draconian scorcher
   200 | D        | Noticed Crazy Yiuf
   205 | D        | Killed Crazy Yiuf
   205 | D        | Reached skill level 7 in Spellcasting
   205 | D        | Reached skill level 5 in Fire Magic
   229 | D        | Gained mutation: Your flesh is cold resistant. (rC+) [potion of mutation]
   229 | D        | Gained mutation: You expend magic power (3 MP) to strengthen your wands. [potion of mutation]
   229 | D        | Gained mutation: Your mind is acute. (Int +2) [potion of mutation]
   230 | D        | Lost mutation: Your mind is acute. (Int +2) [potion of mutation]
   230 | D        | Lost mutation: You expend magic power (3 MP) to strengthen your wands. [potion of mutation]
   230 | D        | Gained mutation: You are weak. (Str -2) [potion of mutation]
   230 | D        | Gained mutation: Your magical capacity is low. (-10% MP) [potion of mutation]
   230 | D        | Gained mutation: You are partially covered in molten scales. (AC +2) [potion of mutation]
   231 | D        | Lost mutation: You are weak. (Str -2) [potion of mutation]
   231 | D        | Lost mutation: Your magical capacity is low. (-10% MP) [potion of mutation]
   231 | D        | Lost mutation: Your flesh is cold resistant. (rC+) [potion of mutation]
   231 | D        | Lost mutation: You are partially covered in molten scales. (AC +2) [potion of mutation]
   231 | D        | Gained mutation: Your muscles are strong. (Str +2) [potion of mutation]
   231 | D        | Gained mutation: Your flesh is heat resistant. (rF+) [potion of mutation]
   232 | D        | Lost mutation: Your flesh is heat resistant. (rF+) [potion of mutation]
   232 | D        | Lost mutation: Your muscles are strong. (Str +2) [potion of mutation]
   232 | D        | Gained mutation: Scrolls take you a little longer to read. [potion of mutation]
   232 | D        | Gained mutation: You expend magic power (3 MP) to strengthen your wands. [potion of mutation]
   232 | D        | Gained mutation: You have large cloven feet. [potion of mutation]
   233 | D        | Lost mutation: You expend magic power (3 MP) to strengthen your wands. [potion of mutation]
   233 | D        | Lost mutation: Scrolls take you a little longer to read. [potion of mutation]
   233 | D        | Lost mutation: You have large cloven feet. [potion of mutation]
   233 | D        | Gained mutation: You are partially covered in thin metallic scales. (AC +2) [potion of mutation]
   233 | D        | Gained mutation: Your flesh is heat resistant. (rF+) [potion of mutation]
   233 | D        | Gained mutation: You are partially covered in molten scales. (AC +2) [potion of mutation]
   256 | D        | Reached skill level 8 in Spellcasting
   256 | D        | Reached XP level 4. HP: 24/24 MP: 8/16
   265 | D        | Learned a level 4 spell: Sticky Flame
   305 | D        | Noticed a water elemental
   309 | D        | Killed a water elemental
   309 | D        | Reached skill level 1 in Fighting
   309 | D        | Reached skill level 1 in Short Blades
   309 | D        | Reached skill level 1 in Armour
   309 | D        | Reached skill level 9 in Spellcasting
   309 | D        | Reached skill level 5 in Conjurations
   309 | D        | Reached XP level 5. HP: 29/29 MP: 11/18
   317 | D        | Learned a level 5 spell: Fireball
   350 | D        | Found a radiant altar of Vehumet.
   351 | D        | Found a deep blue altar of Sif Muna.
   351 | D        | Found an ancient bone altar of Kikubaaqudgha.
   365 | D        | Became a worshipper of Vehumet
   371 | D        | Killed a yaktaur
   391 | D        | Found a glowing silver altar of Zin.
   392 | D        | Found a glowing golden altar of the Shining One.
   392 | D        | Found a white marble altar of Elyvilon.
   392 | D        | Noticed a deep elf mage
   397 | D        | Killed a deep elf mage
   397 | D        | Reached skill level 5 in Dodging
   397 | D        | Reached skill level 11 in Spellcasting
   397 | D        | Reached XP level 6. HP: 16/37 MP: 9/22
   397 | D        | Reached XP level 7. HP: 18/41 MP: 9/24
   573 | D        | Found an ornate altar of the Wu Jian Council.
   573 | D        | Found a roughly hewn altar of Beogh.
   573 | D        | Found an iron altar of Okawaru.
   573 | D        | Found a bloodstained altar of Trog.
   573 | D        | Found a hide-covered altar of Uskayaw.
   573 | D        | Noticed a human
   576 | D        | Noticed a human
   577 | D        | Killed a human
   577 | D        | Reached skill level 12 in Spellcasting
   579 | D        | Killed a human
   579 | D        | Reached * piety under Vehumet
   579 | D        | Offered knowledge of Freeze by Vehumet.
   579 | D        | Reached skill level 5 in Short Blades
   620 | D        | Killed a yaktaur
   688 | D        | Found a basalt altar of Yredelemnul.
   688 | D        | Found a shadowy altar of Dithmenos.
   688 | D        | Found a sacrificial altar of Ru.
   738 | D        | Noticed a shadow
   739 | D        | Reached ** piety under Vehumet
   739 | D        | Offered knowledge of Magic Dart by Vehumet.
   739 | D        | Reached XP level 8. HP: 48/48 MP: 17/26
   744 | D        | Reached skill level 13 in Spellcasting
   804 | D        | Found a blossoming altar of Fedhas.
   804 | D        | Found a stormy altar of Qazlal.
   804 | D        | Found a snail-covered altar of Cheibriados.
   804 | D        | Found a burning altar of Makhleb.
   804 | D        | Found a shimmering altar of Xom.
   805 | D        | Found a hazy altar of Hepliaklqana.
   805 | D        | Found an opulent altar of Gozag.
   805 | D        | Found a sparkling altar of Nemelex Xobeh.
   805 | D        | Found a corrupted altar of Lugonu.
   805 | D        | Found a viscous altar of Jiyva.
   895 | D        | Noticed Erica
   897 | D        | Killed Erica
   897 | D        | Offered knowledge of Mephitic Cloud by Vehumet.
   897 | D        | Reached skill level 5 in Fighting
   897 | D        | Reached skill level 5 in Armour
   897 | D        | Reached skill level 14 in Spellcasting
   902 | D        | Learned a level 3 spell: Mephitic Cloud
  1306 | D        | Noticed a centaur warrior
  1317 | D        | Reached *** piety under Vehumet
  1317 | D        | Reached XP level 9. HP: 54/54 MP: 11/29
  1337 | D        | Killed a centaur warrior
  1337 | D        | Offered knowledge of Iskenderun's Mystic Blast by Vehumet.
  1418 | D        | HP: 2/55 [something (4)]
  1689 | D        | Noticed an unseen horror
  1693 | D        | Killed an unseen horror
  1693 | D        | Reached skill level 15 in Spellcasting
  1719 | D        | Killed a yaktaur
  1825 | D        | Noticed a queen bee
  1829 | D        | Reached **** piety under Vehumet
  1830 | D        | Offered knowledge of Dazzling Spray by Vehumet.
  1830 | D        | Reached skill level 10 in Fire Magic
  1834 | D        | Reached ***** piety under Vehumet
  1848 | D        | Killed a queen bee
  1848 | D        | Reached ****** piety under Vehumet
  1848 | D        | Reached XP level 10. HP: 61/61 MP: 29/31
  2029 | D        | Offered knowledge of Lightning Bolt by Vehumet.
  2036 | D        | Learned a level 5 spell: Lightning Bolt
  2063 | D        | Reached skill level 5 in Poison Magic
  2088 | D        | Killed a six-headed hydra
  2115 | D        | Noticed a spiny frog
  2115 | D        | Noticed a spiny frog
  2116 | D        | Killed a spiny frog
  2116 | D        | Reached skill level 16 in Spellcasting
  2117 | D        | Reached skill level 10 in Dodging
  2121 | D        | Killed a spiny frog
  2121 | D        | Reached skill level 10 in Conjurations
  2302 | D        | Killed a four-headed hydra
  2326 | D        | Noticed a lindwurm
  2327 | D        | Killed a lindwurm
  2328 | D        | Offered knowledge of Conjure Ball Lightning by Vehumet.
  2340 | D        | Reached skill level 5 in Air Magic
  2595 | D        | Noticed Urug
  2601 | D        | Killed Urug
  2601 | D        | Reached XP level 11. HP: 39/67 MP: 20/33
  2744 | D        | Noticed a death drake
  2748 | D        | Killed a death drake
  2748 | D        | Offered knowledge of Poison Arrow by Vehumet.
  2760 | D        | Learned a level 6 spell: Poison Arrow
  2762 | D        | Found a blossoming altar of Fedhas.
  2762 | D        | Noticed a spriggan druid
  2764 | D        | Killed a spriggan druid
  2764 | D        | Reached skill level 17 in Spellcasting
  2924 | D        | Noticed a kraken
  2987 | D        | Noticed an alligator snapping turtle
  2999 | D        | Killed an alligator snapping turtle
  2999 | D        | Offered knowledge of Bolt of Draining by Vehumet.
  3008 | D        | Noticed an alligator snapping turtle
  3826 | D        | Killed an alligator snapping turtle
  3936 | D        | Killed a kraken
  3936 | D        | Reached skill level 18 in Spellcasting
  4052 | D        | Found Asuy's Jewellery Boutique.
  4052 | D        | Found Surunoowy's Antique Armour Shop.
  4052 | D        | Found Wolivee's Distillery.
  4061 | D        | Got a barnacled rune of Zot
  4156 | D        | Offered knowledge of Freezing Cloud by Vehumet.
  4183 | D        | Got a pair of faintly glowing boots
  4198 | D        | Identified the +2 pair of boots "Heliseli" {+Blink Str+3} (You found it in the Dungeon)
  4224 | D        | Learned a level 6 spell: Freezing Cloud
  4344 | D        | Reached skill level 1 in Ice Magic
  4344 | D        | Reached skill level 1 in Evocations
  4383 | D        | Noticed Rupert
  4459 | D        | Killed Rupert
  4459 | D        | Offered knowledge of Bolt of Cold by Vehumet.
  4459 | D        | Reached XP level 12. HP: 44/75 MP: 23/36
  4467 | D        | Learned a level 6 spell: Bolt of Cold
  4637 | D        | Noticed a death yak
  4639 | D        | Noticed a death yak
  4641 | D        | Noticed a death yak
  4641 | D        | Killed a death yak
  4643 | D        | Noticed a death yak
  4643 | D        | Killed a death yak
  4643 | D        | Reached skill level 19 in Spellcasting
  4644 | D        | Killed a death yak
  4648 | D        | Killed a death yak
  4648 | D        | Offered knowledge of Bolt of Fire by Vehumet.
  4668 | D        | Noticed an azure jelly
  4668 | D        | Noticed an azure jelly
  4669 | D        | Noticed an azure jelly
  4669 | D        | Noticed an azure jelly
  4804 | D        | Noticed a fire dragon
  4807 | D        | Killed a fire dragon
  4818 | D        | Reached skill level 5 in Evocations
  4924 | D        | Found Fesmys's Antique Armour Shoppe.
  4924 | D        | Found Cidek's Gadget Boutique.
  4924 | D        | Found Iddeitad's Food Emporium.
  5104 | D        | Found Zuus's Armour Boutique.
  5109 | D        | Offered knowledge of Fire Storm by Vehumet.
  5109 | D        | Offered knowledge of Chain Lightning by Vehumet.
  5109 | D        | Offered knowledge of Ignition by Vehumet.
  5111 | D        | Reached skill level 5 in Ice Magic
  5138 | D        | Noticed an orc high priest
  5153 | D        | Killed an orc high priest
  5381 | D        | Bought the ring of the Mage {Wiz MR++ Int+3} for 517 gold pieces
  5381 | D        | Found the ring of the Mage {Wiz MR++ Int+3}
  5381 | D        | Bought a +4 amulet of reflection for 270 gold pieces
  5385 | D        | Bought a potion of resistance for 100 gold pieces
  5385 | D        | Bought a potion of cancellation for 80 gold pieces
  5385 | D        | Bought a potion of haste for 100 gold pieces
  5385 | D        | Bought a potion of agility for 40 gold pieces
  5385 | D        | Bought 2 potions of magic for 160 gold pieces
  5385 | D        | Bought a potion of curing for 30 gold pieces
  5385 | D        | Bought a potion of curing for 30 gold pieces
  5518 | D        | Reached skill level 10 in Poison Magic
  5622 | D        | Noticed a deep elf demonologist
  5625 | D        | Noticed a deep elf death mage
  5627 | D        | Killed a deep elf demonologist
  5627 | D        | Reached skill level 20 in Spellcasting
  5629 | D        | Killed a deep elf death mage
  5630 | D        | Noticed a deep elf demonologist
  5747 | D        | Noticed a deep elf master archer
  5749 | D        | Noticed a deep elf high priest
  5751 | D        | Killed a deep elf demonologist
  5751 | D        | Reached XP level 13. HP: 19/81 MP: 26/39
  6048 | D        | Learned a level 8 spell: Ignition
  6564 | D        | Killed a deep elf master archer
  6564 | D        | Reached skill level 10 in Fighting
  6884 | D        | Identified the Catalogue of Theory
  7175 | D        | Noticed a dire elephant
  7175 | D        | Noticed a dire elephant
  7175 | D        | Noticed Gastronok
  7178 | D        | Reached skill level 10 in Armour
  7178 | D        | Killed a dire elephant
  7180 | D        | Killed Gastronok
  7180 | D        | Reached skill level 21 in Spellcasting
  7180 | D        | Reached skill level 10 in Air Magic
  7181 | D        | Killed a dire elephant
  7261 | D        | Noticed Harold
  7261 | D        | Noticed Joseph
  7265 | D        | Killed Harold
  7267 | D        | Killed Joseph
  7647 | D        | Noticed a fire dragon
  7648 | D        | Killed a fire dragon
  7832 | D        | Found Istitaq's Jewellery Emporium.
  7832 | D        | Found Apext's Jewellery Shop.
  7832 | D        | Found Usifick's Antique Weapon Boutique.
  7832 | D        | Found Nasiobu's Antique Armour Shoppe.
  7832 | D        | Found Yxkargh's Food Boutique.
  7832 | D        | Found Xeengura's Antique Armour Emporium.
  7832 | D        | Found Eson's Magic Scroll Shoppe.
  7832 | D        | Found Qywauc's Gadget Shop.
  7832 | D        | Found Omijuh's Gadget Shop.
  7832 | D        | Found Ixuodira's Distillery.
  7832 | D        | Found Ymis's Book Emporium.
  7832 | D        | Found Cude's Food Boutique.
  7952 | D        | HP: 2/83 [dire flail of crushing (26)]
  7952 | D        | Slain by a dire flail of crushing

Vault maps used:
D:        dungeon_sprint_mu

Skill      XL: |  1  2  3  4  5  6  7  8  9 10 11 12 13 |
---------------+----------------------------------------+-----
Spellcasting   | 4 6 8 9 11 12 14 15 16 18 20 21 | 21.6
Conjurations   | 2 3 4 5 6 7 8 9 10 11 12 13 | 13.8
Fire Magic     | 4 5 6 7 8 9 10 11 12 13 14 | 14.3
Fighting       | 1 3 4 5 6 7 8 9 10 | 10.5
Short Blades   | 1 4 5 6 7 8 9 |  9.6
Armour         | 1 3 4 5 6 7 8 9 10 | 10.5
Dodging        | 3 5 6 8 9 10 11 | 11.6
Air Magic      | 3 5 7 9 10 | 10.6
Poison Magic   | 4 6 8 10 11 | 11.7
Ice Magic      | 3 6 8 |  8.8
Evocations     | 3 6 8 |  8.8
Stealth        | |  2.4

Action                   |  1- 3 |  4- 6 |  7- 9 | 10-12 | 13-15 || total
-------------------------+-------+-------+-------+-------+-------++-------
Melee: Unarmed           |     5 |       |       |       |       ||     5
       Dagger            |       |     2 |    35 |    26 |    80 ||   143
 Cast: Flame Tongue      |    22 |     5 |    30 |    20 |     2 ||    79
       Conjure Flame     |       |     1 |     3 |     3 |     1 ||     8
       Sticky Flame      |       |     2 |    14 |     7 |     2 ||    25
       Fireball          |       |     1 |     6 |    12 |       ||    19
       Inner Flame       |       |       |     1 |       |       ||     1
       Mephitic Cloud    |       |       |     5 |     3 |     1 ||     9
       Lightning Bolt    |       |       |       |    45 |     8 ||    53
       Poison Arrow      |       |       |       |    12 |     5 ||    17
       Freezing Cloud    |       |       |       |    12 |     6 ||    18
       Throw Flame       |       |       |       |     3 |       ||     3
       Bolt of Cold      |       |       |       |    26 |    15 ||    41
       Ignition          |       |       |       |       |     8 ||     8
 Abil: Evoke Blink       |       |       |       |     2 |     5 ||     7
Evoke: Wand              |       |       |       |     5 |     2 ||     7
  Use: Potion            |     5 |       |     3 |     2 |     1 ||    11
       Scroll            |     2 |       |       |     6 |       ||     8
 Stab: Sleeping          |       |     2 |     1 |       |       ||     3
       Distracted        |       |       |     1 |       |       ||     1
       Confused          |       |       |     6 |     1 |       ||     7
  Eat: Royal jelly       |       |       |     2 |       |     5 ||     7
       Chunk             |       |       |       |    10 |       ||    10
       Fruit             |       |       |       |     6 |       ||     6
Armor: Robe              |     2 |     6 |    13 |     6 |    20 ||    47
       Fire dragon scale |       |       |       |     1 |       ||     1
Dodge: Dodged            |    12 |    10 |    24 |    54 |    91 ||   191
Block: Other             |       |       |       |       |    17 ||    17

Table legend:
 A = Spawn XP
 B = Non-spawn XP
 C = Spawn XP percentage of total XP
 D = Spawn monster count
 E = Non-spawn monster count
 F = Spawn count percentage of total count
 G = Total turns spent on level
                    A         B        C        D         E        F      G
               +---------+---------+-------+---------+---------+-------+---------
         Total |       0 |   57974 |   0.0 |       0 |     154 |   0.0 |  7952
               +---------+---------+-------+---------+---------+-------+---------
             D |       0 |   57974 |   0.0 |       0 |     154 |   0.0 |  7952
               +---------+---------+-------+---------+---------+-------+---------
